 Dungeon Crawl Stone Soup version 0.23.2-30-g0e89c35 (webtiles) character file.

Game seed: 16789797008204985468

508 IAmKingMidas the Slasher (level 6, -4/56 HPs)
             Began as a Minotaur Berserker on June 11, 2019.
             Was a Believer of Trog.
             Slain by a troll (9 damage)
             ... on level 9 of the Dungeon.
             The game lasted 00:19:30 (2147 turns).

IAmKingMidas the Slasher (Minotaur Berserker)       Turns: 2147, Time: 00:19:35

Health: -4/56      AC:  7    Str: 24    XL:     6   Next: 98%
Magic:  5/5        EV: 12    Int:  4    God:    Trog [**....]
Gold:   24         SH:  2    Dex:  9    Spells: 5/5 levels left

rFire    . . .     SeeInvis .   u - +1 spear (venom)
rCold    . . .     Gourm    .   (no shield)
rNeg     . . .     Faith    .   r - +0 ring mail
rPois    .         Spirit   .   (helmet restricted)
rElec    .         Reflect  +   l - +0 cloak
rCorr    +         Harm     .   (no gloves)
MR       .....     Rnd*Tele +   (no boots)
Stlth    +.........             y - +2 amulet of reflection
HPRegen  0.18/turn              n - ring of resist corrosion
MPRegen  0.09/turn              C - ring of teleportation (curse)

@: no status effects
A: retaliatory headbutt, horns 2
a: Berserk, Trog's Hand, Renounce Religion


You were on level 9 of the Dungeon.
You worshipped Trog.
Trog was pleased with you.
You were not hungry.

You visited 1 branch of the dungeon, and saw 7 of its levels.

You collected 24 gold pieces.

Inventory:

Hand Weapons
 a - a +0 falchion
 d - a +0 club
 s - a +2 demon whip of pain
 u - a +1 spear of venom (weapon)
 x - a +2 vampiric dagger
 z - a +0 trident
 B - a +0 hunting sling
Missiles
 v - 49 bolts
 w - 15 tomahawks (quivered)
Armour
 b - a +0 animal skin
 g - a +0 robe
 h - the +2 robe of Happy Babbling {rC+ Str+5, unknown}
   (You found it on level 4 of the Dungeon)

   It affects your strength (+5).
   It protects you from cold.
 j - a cursed +0 centaur barding
 l - a +0 cloak (worn)
 o - a +0 leather armour
 r - a +0 ring mail (worn)
 t - a +0 helmet
Jewellery
 n - a ring of resist corrosion (left hand)
 y - a +2 amulet of reflection (around neck)
 C - a cursed ring of teleportation (right hand)
Scrolls
 e - 2 scrolls of blinking {unknown}
 f - a scroll of enchant armour {unknown}
 i - 2 scrolls of fog {unknown}
 k - 4 scrolls of identify {unknown}
 p - a scroll of remove curse {unknown}
 D - a scroll of magic mapping {unknown}
Potions
 m - a potion of heal wounds {unknown}
 A - a potion of flight {unknown}
Comestibles
 c - 3 rations
 q - 11 chunks of flesh


   Skills:
 + Level 5.2 Fighting
 + Level 5.2 Long Blades
 + Level 3.6 Polearms
 + Level 5.0 Armour
 + Level 3.7 Dodging
 + Level 0.4 Stealth


You had 5 spell levels left.
You didn't know any spells.
Your spell library was empty.

Dungeon Overview and Level Annotations

Branches:
Dungeon (9/15)
 Temple: D:4-7         Lair: D:8-11         Orc: D:9-12

Altars:

Annotations:
D:8 Maurice


Innate Abilities, Weirdness & Mutations

You reflexively headbutt those who attack you in melee.
You have a pair of horns on your head.


Message History

You recover from your berserk rage.
You start resting.
A troll comes into view.
A troll is nearby!
The troll shouts!
The troll barely misses you. The troll claws you. x2
You hit the troll. You headbutt the troll!
The troll is moderately wounded.
The troll closely misses you. The troll claws you. x2
You hit the troll.
The troll is poisoned.
The troll is heavily wounded.
The troll closely misses you. The troll barely misses you. The troll claws you.
You hit the troll.
The troll looks as sick as possible!
The troll is heavily wounded.
The troll bites you!
* * * LOW HITPOINT WARNING * * *
The troll claws you!
* * * LOW HITPOINT WARNING * * *
The troll claws you!
You die...

#.# #..# % #.###..#
..#####..##..#
.............#
.........÷...#
.....(.......#
.............#
........÷....###'#
..#######..@T....# .
##..###########
#######.>..........# #
#............#####÷##.###
#............+..<.÷.....#
#............##...÷.#.#.#
#...................# ..
#...................# ##
#.......................


You could see a troll.

Vanquished Creatures
  A phantom (D:9)
  A bullfrog (D:9)
  2 scorpions
  4 howler monkeys (D:9)
  A howler monkey skeleton (D:4)
  2 adders
  An ooze (D:1)
  2 worms (D:3)
  4 dart slugs
  2 leopard geckos
  9 orcs
  4 bats
  4 giant cockroaches
  2 goblins
  7 hobgoblins
  A quokka (D:4)
  4 frilled lizards
  6 kobolds
  4 rats (D:3)
61 creatures vanquished.

Notes
Turn   | Place    | Note
-------+----------+-------------------------------------------
     0 | D:1      | IAmKingMidas the Minotaur Berserker began the quest for the
                  | Orb.
     0 | D:1      | Reached XP level 1. HP: 19/19 MP: 0/0
   301 | D:1      | Reached XP level 2. HP: 27/27 MP: 1/1
   780 | D:2      | Reached XP level 3. HP: 21/33 MP: 2/2
  1089 | D:3      | Reached ** piety under Trog
  1095 | D:3      | Reached XP level 4. HP: 29/41 MP: 3/3
  1445 | D:4      | Reached skill level 5 in Long Blades
  1445 | D:4      | Reached skill level 1 in Polearms
  1445 | D:4      | Reached XP level 5. HP: 23/47 MP: 4/4
  1481 | D:4      | Got a smoking robe
  1695 | D:5      | Entered Level 5 of the Dungeon
  1707 | D:5      | You fall through a shaft for 3 floors!
  1780 | D:8      | Noticed Maurice
  1780 | D:8      | Paralysed by Maurice for 2 turns
  1783 | D:8      | Paralysed by Maurice for 2 turns
  1792 | D:8      | Paralysed by Maurice for 5 turns
  1804 | D:8      | Paralysed by something for 3 turns
  1968 | D:9      | Reached XP level 6. HP: 35/55 MP: 5/5
  2069 | D:9      | Reached skill level 5 in Armour
  2100 | D:9      | Reached skill level 5 in Fighting
  2140 | D:9      | Noticed a troll
  2147 | D:9      | Slain by a troll

Skill      XL: |  1  2  3  4  5  6 |
---------------+-------------------+-----
Long Blades    | 4 5 |  5.2
Fighting       | 4 5 |  5.2
Dodging        | 3 |  3.7
Armour         | 3 5 |  5.0
Polearms       | 1 2 3 |  3.6
Stealth        | |  0.4

Action                   |  1- 3 |  4- 6 || total
-------------------------+-------+-------++-------
Melee: Falchion          |    54 |     4 ||    58
       Headbutt          |     8 |    20 ||    28
       Spear             |       |    92 ||    92
Invok: Berserk           |     2 |     3 ||     5
       Trog's Hand       |       |     2 ||     2
  Use: Potion            |       |     1 ||     1
 Stab: Sleeping          |     1 |       ||     1
  Eat: Chunk             |     1 |     5 ||     6
       Ration            |       |     1 ||     1
Armor: Animal skin       |     5 |       ||     5
       Robe              |     3 |       ||     3
       Leather armour    |     2 |       ||     2
       Ring mail         |    10 |    37 ||    47
Dodge: Dodged            |    44 |    58 ||   102
Block: Other             |       |     6 ||     6
       Rpst.: Falchion   |     7 |       ||     7
